 Dungeon Crawl Stone Soup version 0.28-a0-1087-gf3fc490d9d (webtiles) character file.

Game seed: 8436404888425439171

55626 fragbeetle the Cleaver (level 14, -1/129 HPs)
             Began as a Minotaur Fighter on Dec 10, 2021.
             Was a High Priest of the Shining One.
             Slain by a water nymph (shapeshifter) (4 damage)
             ... summoned by a glowing orange brain
             ... on level 3 of the Abyss.
             The game lasted 01:10:16 (22597 turns).

fragbeetle the Cleaver (Minotaur Fighter)          Turns: 22597, Time: 01:10:17

Health: -1/129     AC: 30    Str: 22    XL:     14   Next: 39%
Magic:  33/33      EV: 14    Int:  7    God:    the Shining One [*****.]
Gold:   1074       SH: 16    Dex: 21    Spells: 11/14 levels left

rFire   + + .      SeeInvis .   v - +7 hand axe "Jellyslayer" {venom, rN+ rCorr}
rCold   x . .      Faith    .   W - +3 buckler of Dolasio {rN+ Regen+}
rNeg    + + +      Spirit   .   j - +8 fire dragon scales of the Alphagorgon {rElec rF++ rC- MP+9 Dex+3}
rPois   .          Reflect  +   Q - +1 hat
rElec   +          Harm     .   c - +1 cloak {rCorr}
rCorr   +          Rampage  .   a - +3 pair of gauntlets of War {Slay+5}
Will    ++...                   A - +1 pair of boots
Stlth   ..........              B - amulet of reflection
HPRegen 0.00/turn               s - ring of willpower
MPRegen 0.23/turn               H - ring "Woolau Buerph" {MP+9 Dex+6}

@: about to teleport, sick, glowing, studying Maces & Flails
A: horns 2, retaliatory headbutt
a: Renounce Religion, Divine Shield, Cleansing Flame, Summon Divine Warrior


You were on level 3 of the Abyss.
You worshipped the Shining One.
The Shining One was extremely pleased with you.
You visited 4 branches of the dungeon, and saw 20 of its levels.
You visited the Abyss 1 time.
You also visited: Sewer, Gauntlet and Volcano.

You collected 1740 gold pieces.
You spent 666 gold pieces at shops.

Inventory:

Hand Weapons
 d - a +2 whip of flaming
 v - the +7 hand axe "Jellyslayer" (weapon) {venom, rN+ rCorr}
   (You found it on level 5 of the Dungeon)

   It poisons the flesh of those it strikes.
   rN:        It protects you from negative energy.
   rCorr:     It protects you from acid and corrosion.
Missiles
 h - 5 silver javelins
 q - 9 boomerangs (quivered)
 t - 7 boomerangs of dispersal
 S - a throwing net
Armour
 a - the +3 pair of gauntlets of War (worn) {Slay+5}
   (You acquired it in the Ecumenical Temple)

   Slay:      It affects your accuracy & damage with ranged weapons and melee
   (+5).
 c - a +1 cloak of preservation (worn)
 g - the +0 buckler "Asakhleo" {Str+6 SInv}
   (You bought it in a shop on level 2 of the Orcish Mines)

   Str:       It affects your strength (+6).
   SInv:      It lets you see invisible.
 j - the +8 fire dragon scales of the Alphagorgon (worn) {rElec rF++ rC- MP+9 Dex+3}
   (You found it in a volcano)

   Dex:       It affects your dexterity (+3).
   rF:        It greatly protects you from fire.
   rC:        It makes you vulnerable to cold.
   rElec:     It insulates you from electricity.
   MP:        It affects your magic capacity (+9).
 w - the +8 tower shield of Cowardice {Fly rElec Int+2 Dex+4}
   (You found it in a Gauntlet)

   Int:       It affects your intelligence (+2).
   Dex:       It affects your dexterity (+4).
   rElec:     It insulates you from electricity.
   Fly:       It grants you flight.
 A - a +1 pair of boots (worn)
 Q - a +1 hat (worn)
 W - the +3 buckler of Dolasio (worn) {rN+ Regen+}
   (You found it in a Gauntlet)

   rN:        It protects you from negative energy.
   Regen:     It increases your rate of health regeneration.
Jewellery
 f - a ring of poison resistance
 s - a ring of willpower (left hand)
 B - an amulet of reflection (around neck)
 G - a ring of ice
 H - the ring "Woolau Buerph" (right hand) {MP+9 Dex+6}
   (You took it off a minotaur in a Gauntlet)

   [ring of dexterity]

   Dex:       It affects your dexterity (+6).
   MP:        It affects your magic capacity (+9).
Wands
 i - a wand of flame (7)
 p - a wand of paralysis (11)
 u - a wand of charming (9)
Scrolls
 e - 8 scrolls of teleportation
 r - a scroll of summoning
 y - 2 scrolls of immolation {unknown}
 F - 2 scrolls of magic mapping {unknown}
 I - 3 scrolls of fear
 L - 2 scrolls of amnesia {unknown}
 P - a scroll of fog {unknown}
 R - 2 scrolls of blinking {unknown}
 Z - a scroll of holy word {unknown}
Potions
 b - 5 potions of brilliance
 l - 4 potions of haste
 m - 4 potions of curing
 n - 10 potions of ambrosia
 x - a potion of berserk rage
 z - 4 potions of might
 D - a potion of flight
 J - a potion of magic
 M - 3 potions of degeneration {unknown}
 N - a potion of cancellation {unknown}
 T - a potion of lignification {unknown}


   Skills:
 * Level 13.1 Fighting
 + Level 13.6(14.5) Axes
 * Level 8.4(12.1) Maces & Flails
 + Level 10.5 Armour
 + Level 6.4 Dodging
 * Level 12.6 Shields
 + Level 0.7 Spellcasting
 + Level 4.7 Translocations
 + Level 5.6 Transmutations
 * Level 2.9 Invocations
 * Level 8.3 Evocations


You had 11 spell levels left.
You knew the following spells:

 Your Spells              Type           Power      Damage    Failure   Level
a - Apportation           Tloc           12%        N/A       16%         1
b - Wereblood             Tmut           8%         N/A       17%         2

Your spell library contained the following spells:

 Spells                   Type           Power      Damage    Failure   Level
 Beastly Appendage        Tmut           16%        N/A       12%         1
 Spider Form              Tmut/Pois      4%         N/A       71%         3
 Animate Skeleton         Necr           0%         N/A       75%         1
 Magic Dart               Conj           0%         1d3       75%         1
 Pain                     Necr           0%         1d4       75%         1
 Shock                    Conj/Air       0%         1d3       75%         1
 Slow                     Hex            0%         N/A       75%         1
 Searing Ray              Conj           0%         2d4       86%         2
 Sublimation of Blood     Necr           0%         N/A       86%         2
 Confusing Touch          Hex            0%         N/A       98%         3
 Frozen Ramparts          Ice            0%         1d2       98%         3
 Mephitic Cloud           Conj/Pois/Air  0%         N/A       98%         3
 Swiftness                Air            0%         N/A       98%         3
 Vampiric Draining        Necr           0%         2d6       98%         3
 Petrify                  Tmut/Erth      4%         N/A       98%         4
 Airstrike                Air            0%         N/A       100%        4
 Fulminant Prism          Conj/Hex       0%         3d6       100%        4
 Alistair's Intoxication  Tmut/Pois      2%         N/A       100%        5
 Freezing Cloud           Conj/Ice/Air   0%         6-21      100%        5
 Irradiate                Conj/Tmut      2%         3d14      100%        5
 Metabolic Englaciation   Hex/Ice        0%         N/A       100%        5


Dungeon Overview and Level Annotations

Branches:
Dungeon (12/15)            Temple (1/1) D:5            Lair (5/6) D:10
 Shoals (0/4) Lair:4        Snake (0/4) Lair:3        Slime (0/5) Lair:5
    Orc (2/2) D:9             Elf (0/3) Orc:2         Sewer (visited)
Volcano (visited)         Gauntlet (visited)

Altars:
Ashenzari
Cheibriados
Dithmenos
Elyvilon
Fedhas
Gozag
Hepliaklqana
Kikubaaqudgha
Makhleb
Nemelex Xobeh
Okawaru
Qazlal
Ru
Sif Muna
Trog
Uskayaw
Vehumet
Wu Jian
Xom
Yredelemnul
Zin
The Shining One

Shops:
D:3 *   Orc:2 [:[*

Annotations:
D:6 need rElec
D:11 Fannar


Innate Abilities, Weirdness & Mutations

You have a pair of horns on your head.
You reflexively headbutt those who attack you in melee.


Message History

As you read the scroll of teleportation, it crumbles to dust.
You feel strangely unstable.
You feel the power of the Abyss delaying your translocation!
The glowing orange brain pulsates.
You block the raiju's attack. You block the starcursed mass's attack.
The glowing orange brain pulsates.
Something tries to feed on your intellect!
The raiju bursts into living lightning!
The living lightning misses you.
The raiju blinks! x2
A deafening chorus of shrieks assaults your mind!
A chorus of shrieks assaults your mind.
* * * LOW HITPOINT WARNING * * *
You hit the hog. You headbutt the hog.
The hog is moderately wounded.
You slash the raiju!
You kill the raiju!
You block the hog's attack.
Found 14 arrows.
A chorus of shrieks assaults your mind.
* * * LOW HITPOINT WARNING * * *
You block the hog's attack. You block the hog's attack.
A large abomination comes into view.
You block the hog's attack. The hog barely misses you. You furiously retaliate!
You headbutt the hog.
Your divine shield fades away.
You block the hog's attack.
The hog changes into a shapeshifter!
The shapeshifter changes into a water nymph!
A chorus of shrieks assaults your mind.
* * * LOW HITPOINT WARNING * * *
A chorus of shrieks assaults your mind.
* * * LOW HITPOINT WARNING * * *
Casting: Wereblood (safe; 17% risk of failure)
Confirm with . or Enter, or press ? or * to list all spells.
Okay, then.
A chorus of shrieks assaults your mind.
* * * LOW HITPOINT WARNING * * *
The water nymph touches you.
You die...

... .# ##.. .. .
...##. ..
###....#..# #
###.#.......
#.###...#... .#
..#.#.....# #..
#.§.#...######..
.##.#..@##.....#
#......m≈.# ..##
#
.....#.§#X≈##.(.#
≈ #....
#..#≈.#.#. # #
.##
#..####X....#.. ≈
.# . .
####..#.#X....# ≈
...##.......#.
...# . .#. .
.#.####.##......
.. . #..#X..## .#
..


You could see 3 starcursed masses and a water nymph shaped shifter (summoned).

Vanquished Creatures
  A lich (Abyss:3)
  A tentacled starspawn (Abyss:3)
  Gastronok (D:10)
  A minotaur (Gauntlet)
  A blizzard demon (Gauntlet)
  A fire dragon (Volcano)
  2 hydras
  A catoblepas (Lair:5)
  Erica (D:8)
  3 two-headed ogres
  3 orc high priests (Orc:2)
  Urug (Orc:1)
  A thrashing horror (Abyss:3)
  Nergalle (Lair:1)
  A large abomination (Abyss:3)
  4 orc knights
  3 lindwurms
  Pikel (D:5)
  5 orc sorcerers
  A worldbinder (Abyss:3)
  2 oklob plants
  4 black mambas
  11 elephants
  4 molten gargoyles
  A torpor snail (Lair:5)
  8 cane toads
  7 komodo dragons
  An ancient zyme (Abyss:3)
  A troll (Orc:2)
  3 polar bears
  A queen bee (Lair:1)
  5 raiju (Abyss:3)
  A hornet (D:7)
  Prince Ribbit (D:8)
  10 blink frogs
  A centaur simulacrum (Gauntlet)
  A ynoxinul (Gauntlet)
  40 yaks
  2 wyverns
  2 wraiths
  14 fire bats
  4 steam dragons
  2 basilisks
  3 wargs
  2 nagas (Lair:3)
  Duvessa (D:5)
  2 hell hounds (Volcano)
  10 water moccasins
  15 orc warriors
  3 black bears
  A meliai simulacrum (Gauntlet)
  2 sky beasts
  8 ogres
  A necrophage (D:5)
  5 wolves (Lair:4)
  A phantom (D:7)
  6 centaurs
  Blork the orc (D:5)
  2 kobold brigands
  14 bullfrogs
  A scorpion (D:7)
  15 jellies
  A water moccasin zombie (D:5)
  A hornet simulacrum (Gauntlet)
  Dowan (D:5)
  A water moccasin skeleton (D:5)
  23 killer bees (Lair:1)
  2 electric eels (D:6)
  3 howler monkeys
  A small abomination (Abyss:3)
  10 lava snakes
  2 starcursed masses (Abyss:3)
  4 centaur zombies
  A hound (D:4)
  A centaur skeleton (D:6)
  A gnoll shaman (Orc:1)
  9 orc priests
  4 iguanas
  2 iron imps (Gauntlet)
  Ijyb (D:5)
  13 orc wizards
  A killer bee zombie (D:9)
  2 hound skeletons
  A howler monkey zombie (D:9)
  5 gnolls (Orc:1)
  2 howler monkey skeletons
  9 adders
  A shadow imp (D:7)
  2 white imps
  3 ufetubi
  An adder skeleton (D:4)
  3 worms
  A dart slug (D:4)
  31 orcs
  14 endoplasms
  12 giant cockroaches
  8 goblins
  7 hobgoblins
  4 jackals (D:4)
  6 kobolds
  9 quokkas
  9 ball pythons
  5 bats
  9 frilled lizards
  5 rats
  A rat zombie (D:5)
  2 bushes (Lair:1)
  2 starspawn tentacles (Abyss:3)
489 creatures vanquished.

Vanquished Creatures (others)
  Nessos (Lair:4)
  28 fungi
  32 plants
  5 starspawn tentacles (Abyss:3)
  3 withered plants (Gauntlet)
69 creatures vanquished.

Grand Total: 558 creatures vanquished

Notes
Turn   | Place    | Note
-------+----------+-------------------------------------------
     0 | D:1      | fragbeetle the Minotaur Fighter began the quest for the
                  | Orb.
     0 | D:1      | Reached XP level 1. HP: 19/19 MP: 0/0
     9 | D:1      | You fall into a shaft and drop 1 floor!
   177 | D:1      | Reached XP level 2. HP: 25/27 MP: 1/1
   560 | D:1      | Learned a level 1 spell: Apportation
  1029 | D:2      | Reached XP level 3. HP: 33/33 MP: 2/2
  1654 | D:2      | Reached XP level 4. HP: 41/41 MP: 3/3
  2282 | D:3      | Found a glowing drain.
  2309 | Sewer    | Entered a sewer
  2366 | Sewer    | Reached skill level 1 in Maces & Flails
  2388 | Sewer    | Reached XP level 5. HP: 46/47 MP: 4/4
  2507 | Sewer    | Reached skill level 5 in Fighting
  2507 | Sewer    | Reached skill level 1 in Dodging
  2507 | Sewer    | Reached skill level 1 in Translocations
  2514 | Sewer    | Reached XP level 6. HP: 33/56 MP: 5/5
  3095 | D:3      | Found Jotopp's General Store.
  3101 | D:3      | Bought a potion of brilliance for 56 gold pieces
  3101 | D:3      | Bought a scroll of identify for 28 gold pieces
  3299 | D:4      | Reached skill level 5 in Armour
  3833 | D:4      | Reached XP level 7. HP: 44/61 MP: 6/6
  4460 | D:5      | Entered Level 5 of the Dungeon
  4460 | D:5      | Noticed Duvessa
  4460 | D:5      | Noticed Dowan
  4514 | D:5      | Noticed Pikel
  4535 | D:5      | Killed Pikel
  4536 | D:5      | Reached skill level 5 in Maces & Flails
  4719 | D:4      | Reached XP level 8. HP: 17/70 MP: 7/7
  5256 | D:5      | Killed Duvessa
  5257 | D:5      | Reached skill level 1 in Evocations
  5270 | D:5      | Killed Dowan
  5534 | D:5      | Found a staircase to the Ecumenical Temple.
  5593 | Temple   | Entered the Ecumenical Temple
  5638 | Temple   | Became a worshipper of the Shining One
  5957 | D:5      | Noticed Ijyb
  5970 | D:5      | Killed Ijyb
  5986 | D:5      | Identified the +7 hand axe "Jellyslayer" {venom, rN+ rCorr}
  6088 | D:5      | Noticed Blork the orc
  6098 | D:5      | Killed Blork the orc
  6099 | D:5      | Reached skill level 5 in Shields
  6270 | D:5      | Found an ancient bone altar of Kikubaaqudgha.
  6489 | D:6      | Reached XP level 9. HP: 61/79 MP: 8/8
  6836 | D:6      | Reached * piety under the Shining One
  7425 | D:7      | Reached skill level 5 in Axes
  7976 | D:7      | Noticed a two-headed ogre
  7985 | D:7      | Killed a two-headed ogre
  7986 | D:7      | Reached XP level 10. HP: 43/90 MP: 9/9
  8855 | D:8      | Noticed Erica
  8871 | D:8      | Killed Erica
  8906 | D:8      | Noticed Prince Ribbit
  8912 | D:8      | Killed Prince Ribbit
  9442 | D:9      | Noticed a two-headed ogre
  9452 | D:9      | Killed a two-headed ogre
  9822 | D:9      | Found a staircase to the Orcish Mines.
 10134 | D:9      | Identified the ring of the Two Names {Wiz Dex+2}
 10556 | D:9      | Reached ** piety under the Shining One
 10753 | D:10     | Entered Level 10 of the Dungeon
 10809 | D:10     | Noticed an oklob plant
 10817 | D:10     | Found a staircase to the Lair.
 10926 | D:10     | Learned a level 2 spell: Wereblood
 10978 | D:10     | Noticed Gastronok
 11009 | D:10     | Killed Gastronok
 11010 | D:10     | Reached skill level 5 in Evocations
 11010 | D:10     | Reached XP level 11. HP: 46/99 MP: 10/10
 11232 | D:10     | Got Sungi's Papyrus of Snow and Air
 11487 | D:10     | Reached skill level 1 in Transmutations
 11574 | D:11     | Noticed Fannar
 11700 | D:12     | Noticed a five-headed hydra
 11738 | D:11     | Noticed a two-headed ogre
 11789 | D:10     | Killed an oklob plant
 11801 | Lair:1   | Entered Level 1 of the Lair of Beasts
 11941 | Lair:1   | Reached skill level 10 in Fighting
 12044 | Lair:1   | Reached skill level 1 in Invocations
 12424 | Lair:1   | Noticed Nergalle
 12446 | Lair:1   | Killed Nergalle
 12485 | Lair:1   | Reached skill level 10 in Axes
 12534 | Lair:1   | Noticed an oklob plant
 12711 | Lair:1   | Killed an oklob plant
 13634 | Lair:2   | Noticed an eight-headed hydra
 14440 | Orc:1    | Entered Level 1 of the Orcish Mines
 14447 | Orc:1    | Noticed Urug
 14472 | Orc:1    | Killed Urug
 14473 | Orc:1    | Reached XP level 12. HP: 83/108 MP: 12/12
 14518 | Orc:1    | Noticed a two-headed ogre
 14532 | Orc:1    | Killed a two-headed ogre
 14533 | Orc:1    | Reached skill level 5 in Dodging
 14992 | Orc:2    | Entered Level 2 of the Orcish Mines
 15114 | Orc:2    | Found a gate leading to a gauntlet.
 15125 | Gauntlet | Entered a Gauntlet
 15125 | Gauntlet | Found a transporter.
 15125 | Gauntlet | Found a runed translucent gate.
 15125 | Gauntlet | Found a runed translucent gate.
 15125 | Gauntlet | Found a runed translucent gate.
 15132 | Gauntlet | Found a transporter.
 15134 | Gauntlet | Found a transporter.
 15140 | Gauntlet | Reached *** piety under the Shining One
 15150 | Gauntlet | Found a transporter.
 15153 | Gauntlet | Found a transporter.
 15155 | Gauntlet | Noticed a blizzard demon
 15157 | Gauntlet | Noticed a blizzard demon
 15162 | Gauntlet | Found a transporter.
 15178 | Gauntlet | Found a transporter.
 15188 | Gauntlet | Found a transporter.
 15198 | Gauntlet | Found a transporter.
 15215 | Gauntlet | Found a transporter.
 15221 | Gauntlet | Noticed a death scarab
 15222 | Gauntlet | Found a transporter.
 15222 | Gauntlet | Found a transporter.
 15279 | Gauntlet | Found a transporter.
 15279 | Gauntlet | Found a transporter.
 15516 | Gauntlet | Identified the +8 tower shield of Cowardice {Fly rElec
                  | Int+2 Dex+4}
 15586 | Gauntlet | Killed a blizzard demon
 15765 | Gauntlet | Identified the +9 hand axe "Naogid" {pain, rC+ Str+4}
 15765 | Gauntlet | Identified the ring "Woolau Buerph" {MP+9 Dex+6}
 15765 | Gauntlet | Noticed a minotaur
 15793 | Gauntlet | Killed a minotaur
 15994 | Gauntlet | Identified the +3 buckler of Dolasio {rN+ Regen+}
 15994 | Gauntlet | Identified the +3 hand axe of Darkness {elec, Int+4}
 15994 | Gauntlet | Identified the amulet of Wivi {Fragile rF+ Regen+ Stlth+}
 16213 | Orc:2    | Found Pialel's Antique Armour Boutique.
 16218 | Orc:2    | Noticed an orc high priest
 16220 | Orc:2    | Noticed an orc high priest
 16337 | Orc:2    | Found a staircase to the Elven Halls.
 16757 | Lair:2   | Killed an eight-headed hydra
 17339 | Lair:3   | Reached **** piety under the Shining One
 17377 | Lair:3   | Reached skill level 10 in Armour
 17473 | Lair:3   | Noticed an eight-headed hydra
 17484 | Lair:3   | Killed an eight-headed hydra
 17596 | Lair:3   | Found a staircase to the Snake Pit.
 17784 | Lair:3   | Found a dark tunnel.
 17793 | Volcano  | Entered a volcano
 17872 | Volcano  | Reached XP level 13. HP: 117/117 MP: 13/13
 18005 | Volcano  | Found a radiant altar of Vehumet.
 18010 | Volcano  | Reached skill level 10 in Shields
 18067 | Volcano  | Identified 2 scrolls of acquirement
 18088 | Volcano  | Noticed a fire dragon
 18116 | Volcano  | Killed a fire dragon
 18132 | Volcano  | Identified the +8 fire dragon scales of the Alphagorgon
                  | {rElec rF++ rC- MP+9 Dex+3}
 18747 | Lair:4   | Found a glowing golden altar of the Shining One.
 18889 | Lair:4   | Reached skill level 5 in Transmutations
 19068 | Lair:4   | Noticed Nessos
 19101 | Lair:4   | Killed Nessos
 19277 | Lair:4   | Found a staircase to the Shoals.
 20865 | Lair:5   | Found a staircase to the Slime Pits.
 21563 | Temple   | Acquired the +3 pair of gauntlets of War {Slay+5}
 21563 | Temple   | Found the +3 pair of gauntlets of War {Slay+5}
 21584 | Temple   | Acquired a manual of Maces & Flails
 21773 | Orc:1    | Reached XP level 14. HP: 127/127 MP: 14/14
 22279 | Orc:2    | Found Xokox's General Store.
 22288 | Orc:2    | Found Ossolop's Book Emporium.
 22292 | Orc:2    | Bought a scroll of identify for 32 gold pieces
 22295 | Orc:2    | Found Zeri's Antique Armour Emporium.
 22306 | Orc:2    | Bought an ichor-stained buckler for 275 gold pieces
 22306 | Orc:2    | Identified the +0 buckler "Asakhleo" {Str+6 SInv} (You
                  | bought it in a shop on level 2 of the Orcish Mines)
 22306 | Orc:2    | Bought a brightly glowing cloak for 275 gold pieces
 22306 | Orc:2    | Identified the -1 cloak of Jipyerph {Harm} (You bought it
                  | in a shop on level 2 of the Orcish Mines)
 22389 | Orc:2    | Cast into level 3 of the Abyss (orc knight)
 22392 | Abyss:3  | Noticed a tentacled starspawn
 22397 | Abyss:3  | Found a corrupted altar of Lugonu.
 22452 | Abyss:3  | Killed a tentacled starspawn
 22495 | Abyss:3  | Noticed a lich
 22525 | Abyss:3  | Reached ***** piety under the Shining One
 22526 | Abyss:3  | Noticed a starcursed mass
 22550 | Abyss:3  | Killed a lich
 22597 | Abyss:3  | HP: 3/129 [starcursed mass/accursed screaming (8)]
 22597 | Abyss:3  | Slain by a water nymph (shapeshifter)

Illustrated notes

Levels and vault maps discovered:
D:1:      minmay_arrival_nine_rooms, layout_basic, minmay_tree_intersection,
          nicolae_concentric_dashed_squares_mild, hex_medium
D:2:      layout_basic
D:3:      layout_basic, gup_sewer_entry_glass, serial_shops, shop
D:4:      layout_basic
D:5:      layout_cave_pools, lemuel_zombie_altar_kikubaaqudgha,
          minmay_temple_entry_junction_2, kennysheep_small_square, uniq_pikel,
          uniq_blork_the_orc, uniq_ijyb, uniq_duvessa
D:6:      cheibrodos_helix_gallery, layout_basic
D:7:      layout_basic
D:8:      layout_basic, uniq_erica, uniq_prince_ribbit1
D:9:      layout_grid_maze, minmay_orc_entry_guard_dogs
D:10:     layout_rooms, dpeg_oklobed_lair, uniq_gastronok
D:11:     layout_cave_pools, hangedman_corner_corridor, uniq_fannar
D:12:     minmay_razor_zed, layout_basic
Temple:   regret_index_temple_sigil_plot
Lair:1:   layout_cave_shapes, special_room [special_room_bee],
          minmay_lair_oklob_bushes, guppyfry_lair_drakes, grunt_megastairs_1,
          uniq_nergalle
Lair:2:   layout_cave_pods, lemuel_fruit_fields
Lair:3:   layout_loops_ring, guppyfry_snake_entry_island,
          nicolae_volcano_entry_vermiform
Lair:4:   cheibrodos_magma_flow, layout_long_grid, elwin_shoals_entry_rocks,
          basic_altar, minivault_25, uniq_nessos
Lair:5:   layout_misc_corridors, minmay_slime_entry_jelly_boxes,
          grunt_megastairs_3
Orc:1:    layout_diamond_mine, uniq_urug
Orc:2:    st_orc_elflike, layout_caves, gauntlet_entry_generic
Abyss:3:  base: Temple, base: Temple,
          evilmike_nicolae_abyss_rune_containment_curve,
          guppyfry_abyss_exit_glass_guarded, guppyfry_abyss_exit_glass_guarded,
          nicolae_abyss_rune_star_stuff

Skill      XL: |  1  2  3  4  5  6  7  8  9 10 11 12 13 14 |
---------------+-------------------------------------------+-----
Armour         | 4 5 6 7 8 9 10 | 10.5
Shields        | 4 5 6 7 9 11 12 | 12.6
Fighting       | 4 5 6 7 8 9 10 11 12 13 | 13.1
Axes           | 3 6 8 10 11 13 | 13.6
Maces & Flails | 1 2 3 5 6 7 8 |  8.4
Dodging        | 1 2 3 4 5 6 |  6.4
Translocations | 1 2 3 4 |  4.7
Evocations     | 2 3 5 7 8 |  8.3
Transmutations | 3 4 5 |  5.6
Invocations    | 1 2 |  2.9
Spellcasting   | |  0.7

Action                   |  1- 3 |  4- 6 |  7- 9 | 10-12 | 13-15 || total
-------------------------+-------+-------+-------+-------+-------++-------
Melee: War axe           |    61 |       |       |       |       ||    61
       Headbutt          |    15 |    16 |    40 |   165 |   175 ||   411
       Flail             |    26 |   153 |   100 |       |       ||   279
       Hand axe          |       |       |   117 |   585 |   549 ||  1251
       Whip              |       |       |       |    13 |       ||    13
Throw: Boomerang         |       |     4 |       |       |       ||     4
 Cast: Wereblood         |       |       |       |     1 |       ||     1
Invok: Divine Shield     |       |       |     1 |     7 |     2 ||    10
Evoke: Wand              |       |       |       |     3 |       ||     3
  Use: Scroll            |       |     1 |    10 |     4 |     7 ||    22
       Potion            |       |       |     1 |     4 |     1 ||     6
Armor: Scale mail        |    44 |    78 |    98 |   141 |    18 ||   379
       Fire dragon scale |       |       |       |       |   101 ||   101
       Chain mail        |       |       |       |       |    10 ||    10
Dodge: Dodged            |    37 |    86 |   103 |   166 |   143 ||   535
Block: Buckler           |    21 |    36 |    44 |   248 |   316 ||   665
       Reflection        |       |       |       |    17 |     9 ||    26
       Tower shield      |       |       |       |    27 |       ||    27

Table legend: (Time is in decaauts)
 A = Elapsed time spent in this place.
 B = Non-inter-level travel time spent in this place.
 C = Inter-level travel time spent in this place.
 D = Time resting spent in this place.
 E = Time spent auto-exploring this place.
 F = Levels seen in this place.
 G = Mean time per level.
                   A        B        C        D        E       F      G
               +--------+--------+--------+--------+--------+-----+--------+
         Total |  22445 |  20828 |   1617 |   3132 |  11521 |  24 |  935.2 |
       Dungeon |  12696 |  11394 |   1302 |   1846 |   7236 |  12 | 1058.0 |
        Temple |    409 |    403 |      6 |      0 |    245 |   1 |  409.0 |
          Lair |   5812 |   5514 |    298 |    627 |   3204 |   5 | 1162.4 |
  Orcish Mines |   1413 |   1404 |      9 |    218 |    338 |   2 |  706.5 |
         Abyss |    181 |    181 |      0 |      0 |      2 |   1 |  181.0 |
         Sewer |    626 |    626 |      0 |      0 |    218 |   1 |  626.0 |
       Volcano |    344 |    344 |      0 |     53 |     34 |   1 |  344.0 |
      Gauntlet |    962 |    962 |      0 |    388 |    244 |   1 |  962.0 |
               +--------+--------+--------+--------+--------+-----+--------+

Top non-repeatable levels by time:
     D:4: 1928 daAuts
  Lair:1: 1770 daAuts
     D:9: 1747 daAuts
     D:6: 1463 daAuts
     D:8: 1440 daAuts
  Lair:4: 1351 daAuts
     D:2: 1297 daAuts
    D:10: 1171 daAuts
     D:5: 1079 daAuts
     D:7: 1017 daAuts
  Lair:2: 995 daAuts
Gauntlet: 962 daAuts
     D:1: 920 daAuts
  Lair:3: 902 daAuts
  Lair:5: 792 daAuts
